 Dungeon Crawl Stone Soup version 0.20.0-15-g7f486f2 (webtiles) character file.

63 kuniqs the Shield-Bearer (level 4, -6/29 HPs)
             Began as a Gargoyle Fighter on June 9, 2017.
             Mangled by an iron imp (7 damage)
             ... summoned by Natasha
             ... on level 2 of the Dungeon on June 10, 2017.
             The game lasted 00:01:29 (1448 turns).

kuniqs the Shield-Bearer (Gargoyle Fighter)         Turns: 1448, Time: 00:01:29

Health: -6/29      AC: 11    Str: 21    XL:     4   Next: 10%
Magic:  4/4        EV:  7    Int:  8    God:
Gold:   66         SH:  9    Dex:  9    Spells: 3/3 levels left

rFire    . . .     SeeInvis .   a - +0 war axe
rCold    . . .     Gourm    .   c - +0 shield
rNeg     + . .     Faith    .   b - +0 scale mail
rPois    ∞         Spirit   .   (no helmet)
rElec    +         Reflect  .   (no cloak)
rCorr    .         Harm     .   h - +0 pair of gloves
MR       .....                  (no boots)
Stlth    ..........             (no amulet)
Regen    0.1/turn               (no ring)
MPRegen  0.1/turn               (no ring)

@: no status effects
A: negative energy resistance 1, electricity resistance, unbreathing,
petrification resistance, rot immunity, AC +3
a: no special abilities


You were on level 2 of the Dungeon.
You were not hungry.

You visited 1 branch of the dungeon, and saw 2 of its levels.

You collected 66 gold pieces.

Inventory:

Hand Weapons
 a - a +0 war axe (weapon)
Missiles
 r - 14 tomahawks (quivered)
Armour
 b - a +0 scale mail (worn)
 c - a +0 shield (worn)
 h - a +0 pair of gloves (worn)
Scrolls
 i - 3 scrolls of teleportation {unknown}
 k - 2 scrolls of fog {unknown}
 l - a scroll of enchant weapon {unknown}
 p - 2 scrolls of recharging {unknown}
 q - a scroll of amnesia {unknown}
Potions
 j - a potion of magic {unknown}
 m - a potion of might
 n - a potion of mutation {unknown}
 o - 2 potions of flight {unknown}
Comestibles
 d - a bread ration
 e - a meat ration
 f - 3 fruits
 g - a chunk of flesh


   Skills:
 + Level 3.7 Fighting
 + Level 2.2 Axes
 + Level 0.5 Throwing
 + Level 3.7 Armour
 + Level 0.8 Dodging
 + Level 3.8 Shields


You had 3 spell levels left.
You didn't know any spells.

Dungeon Overview and Level Annotations

Branches:
Dungeon (2/15)

Altars:

Annotations:
D:2 Natasha


Innate Abilities, Weirdness & Mutations

You are resistant to torment.
Your stone body is resilient. (AC +3)
You are immune to poison.
You resist negative energy. (rN+)
You are resistant to electric shocks. (rElec)
You can survive without breathing.
You are immune to petrification.
You are immune to rotting.


Message History

You block Natasha's attack. The iron imp hits you.
* * * LOW HITPOINT WARNING * * *
You closely miss Natasha.
Natasha is moderately wounded.
You hit the shadow imp.
You kill the shadow imp!
You slash the iron imp! Natasha barely misses you.
The iron imp hits you but does no damage.
You block Natasha's attack.
You hit Natasha.
Natasha is heavily wounded.
You closely miss the iron imp.
The iron imp hits you but does no damage.
Natasha barely misses you.
You barely miss Natasha.
Natasha is heavily wounded.
You closely miss the iron imp. Natasha claws you.
* * * LOW HITPOINT WARNING * * *
The iron imp hits you!
You die...

#.........
#.#######.
#.# #.#
#.####### #
#[......#.#
#.####....#
#.###5....#
#...@h....#
#####.....#
#...## #.##
[# #


You could see an iron imp and Natasha.

Vanquished Creatures
  Natasha (D:2)
  2 worms (D:2)
  A ball python (D:2)
  2 bats (D:1)
  3 giant cockroaches
  2 goblins (D:2)
  5 hobgoblins
  3 jackals (D:1)
  5 frilled lizards
  4 kobolds
  3 rats (D:2)
31 creatures vanquished.

Notes
Turn   | Place    | Note
-------+----------+-------------------------------------------
     0 | D:1      | kuniqs the Gargoyle Fighter began the quest for the Orb.
     0 | D:1      | Reached XP level 1. HP: 14/14 MP: 1/1
   338 | D:1      | Reached XP level 2. HP: 19/19 MP: 2/2
   964 | D:2      | Reached XP level 3. HP: 22/23 MP: 3/3
  1235 | D:2      | Noticed Natasha
  1244 | D:2      | Killed Natasha
  1244 | D:2      | Reached XP level 4. HP: 15/29 MP: 4/4
  1437 | D:2      | Noticed Natasha
  1448 | D:2      | HP: 1/29 [Natasha (1)]
  1448 | D:2      | Mangled by an iron imp

Skill      XL: |  1  2 |
---------------+-------+-----
Axes           | 2 |  2.2
Fighting       | |  3.7
Throwing       | |  0.5
Armour         | |  3.7
Dodging        | |  0.8
Shields        | |  3.8

Action                   |  1- 3 |  4- 6 || total
-------------------------+-------+-------++-------
Melee: War axe           |   129 |    10 ||   139
  Eat: Chunk             |     1 |     1 ||     2
Armor: Scale mail        |    74 |     8 ||    82
Dodge: Dodged            |    41 |     6 ||    47
Block: Shield            |    68 |     5 ||    73
